 Dungeon Crawl Stone Soup version 0.20.0-15-g7f486f2 (webtiles) character file.

67 Chiseanne the Magician (level 4, 30/30 HPs)
             Began as a Demonspawn Wizard on June 15, 2017.
             Quit the game on level 3 of the Dungeon.
             The game lasted 00:03:37 (2222 turns).

Chiseanne the Magician (Demonspawn Wizard)          Turns: 2222, Time: 00:03:38

Health: 30/30      AC:  4    Str:  7    XL:     4   Next: 0%
Magic:  7/9        EV: 12    Int: 20    God:
Gold:   93         SH:  0    Dex: 12    Spells: 1/10 levels left

rFire    . . .     SeeInvis .   e - +2 falchion (elec)
rCold    . . .     Gourm    .   (no shield)
rNeg     . . .     Faith    .   a - +0 robe
rPois    .         Spirit   .   b - +0 hat
rElec    .         Reflect  .   (no cloak)
rCorr    .         Harm     .   (no gloves)
MR       .....                  n - +0 pair of boots
Stlth    ++........             (no amulet)
Regen    0.1/turn               (no ring)
MPRegen  0.2/turn               (no ring)

@: no status effects
A: claws 1, rugged brown scales 1, rot immunity
a: no special abilities


You were on level 3 of the Dungeon.
You were hungry.

You visited 1 branch of the dungeon, and saw 3 of its levels.

You collected 93 gold pieces.

Inventory:

Hand Weapons
 e - a +2 falchion of electrocution (weapon)
Missiles
 g - 110 stones (quivered)
 j - 35 bolts
 m - 12 arrows
 q - 10 poisoned needles
 t - 35 sling bullets
Armour
 a - a +0 robe (worn)
 b - a +0 hat (worn)
 n - a +0 pair of boots (worn)
Potions
 f - a potion of curing
 k - a potion of might
 l - a potion of mutation
 o - a potion of brilliance {unknown}
 s - a potion of flight
Comestibles
 d - 3 bread rations
 h - 3 royal jellies
 p - a meat ration


   Skills:
 + Level 0.0 Fighting
 + Level 2.0 Dodging
 - Level 1.7 Stealth
 * Level 3.9 Spellcasting
 * Level 2.4 Conjurations
   Level 1.0 Summonings
 - Level 0.8 Translocations


You had one spell level left.
You knew the following spells:

 Your Spells              Type           Power        Failure   Level  Hunger
a - Magic Dart            Conj           ##..         4%          1    None
b - Blink                 Tloc           N/A          14%         2    ##.....
c - Conjure Flame         Conj/Fire      #.......     24%         3    ###....
d - Mephitic Cloud        Conj/Pois/Air  #.......     28%         3    ###....


Dungeon Overview and Level Annotations

Branches:
Dungeon (3/15)

Altars:
Nemelex Xobeh
Qazlal


Innate Abilities, Weirdness & Mutations

You have sharp fingernails.
You are partially covered in rugged brown scales. (AC +1, +3% HP)
You are immune to rotting.


Message History

Where to? (Enter - D:2, ? - help)
There is a stone staircase leading down here.
You climb downwards.
You hear the sound of rushing water.
There is an entrance to a sewer on this level.
Hurry and find it before the portal rusts away!
A rat and a hobgoblin come into view.
The hobgoblin shouts!
Found a dagger.
There is a stone staircase leading up here.
Casting: Magic Dart
Confirm with . or Enter, or press ? or * to list all spells.
Aiming: Magic Dart
Press: ? - help, Shift-Dir - straight line, f - rat
Aim: a rat (hasn't noticed you)
The magic dart hits the rat.
You kill the rat!
You have reached level 4!
You feel agile.
Your demonic ancestry asserts itself...
Your fingernails lengthen.
Are you sure you want to abandon this character and quit the game? (Confirm with "yes".)

# #. .#
.##. .#
... .# #†.
.# #.. .#
. #.. .#
....#..#.#
...g...@.#
..).##.###
. ...
...#.
#.#.#. # .
.. # ##


You could see a hobgoblin.

Vanquished Creatures
  2 adders (D:2)
  An ooze (D:1)
  A worm (D:2)
  A leopard gecko (D:1)
  5 bats
  8 hobgoblins
  4 jackals (D:1)
  A frilled lizard (D:2)
  5 goblins
  6 kobolds
  5 rats
39 creatures vanquished.

Notes
Turn   | Place    | Note
-------+----------+-------------------------------------------
     0 | D:1      | Chiseanne the Demonspawn Wizard began the quest for the Orb.
     0 | D:1      | Reached XP level 1. HP: 13/13 MP: 4/4
   363 | D:1      | Gained mutation: You are partially covered in rugged brown scales. (AC +1, +3% HP) [demonic ancestry]
   363 | D:1      | Reached XP level 2. HP: 13/19 MP: 1/6
   793 | D:1      | Gained mutation: You are immune to rotting. [demonic ancestry]
   793 | D:1      | Reached XP level 3. HP: 23/24 MP: 1/8
  1931 | D:2      | Found a stormy altar of Qazlal.
  2181 | D:2      | Found a sparkling altar of Nemelex Xobeh.
  2187 | D:2      | Learned a level 2 spell: Blink
  2191 | D:2      | Learned a level 3 spell: Conjure Flame
  2195 | D:2      | Learned a level 3 spell: Mephitic Cloud
  2221 | D:3      | Gained mutation: You have sharp fingernails. [demonic ancestry]
  2221 | D:3      | Reached XP level 4. HP: 30/30 MP: 7/9
  2222 | D:3      | Quit the game

Skill      XL: |  1  2  3 |
---------------+----------+-----
Conjurations   | 2 |  2.4
Dodging        | 2 |  2.0
Stealth        | |  1.7
Spellcasting   | |  3.9
Summonings     | |  1.0
Translocations | |  0.8

Action                   |  1- 3 |  4- 6 || total
-------------------------+-------+-------++-------
Melee: Dagger            |    16 |       ||    16
       Short sword       |    21 |       ||    21
       Falchion          |     4 |       ||     4
 Cast: Magic Dart        |    97 |     1 ||    98
  Use: Scroll            |     7 |       ||     7
  Eat: Chunk             |     3 |       ||     3
Armor: Robe              |    15 |       ||    15
Dodge: Dodged            |    51 |       ||    51
       Rpst.: Falchion   |     4 |       ||     4
